Map: Odyssey LE

Players

PiLiPiLi

  • Race: Protoss Protoss
  • Spawn Location: 11:00

PtitDrogo - Winner!

  • Race: Protoss Protoss
  • Spawn Location: 5:00

Event: WCS Montreal 2017

VOD

Have the link to the VOD?

Description

Time

  • Played on: Sept. 8, 2017, 2:39 p.m.
  • Length: 7:16

All games in this series

Show
View Real Time Build Order
Export as new Build Order

PiLiPiLi Protoss 

Build Orders: Oracle Opening 

Get SALT Encoding   

  12  0:01  Probe (Chrono Boost)  
  13  0:11  Probe (Chrono Boost)  
  14  0:16  Pylon  
  14  0:23  Probe (Chrono Boost)  
  15  0:35  Probe (Chrono Boost)  
  16  0:36  Gateway  
  16  0:42  Assimilator  
  16  0:45  Probe (Chrono Boost)  
  17  0:51  Assimilator  
  17  0:56  Probe (Chrono Boost)  
  18  1:03  Gateway  
  18  1:06  Probe (Chrono Boost)  
  19  1:17  Probe (Chrono Boost)  
  20  1:25  Cybernetics Core  
  20  1:28  Probe (Chrono Boost)  
  21  1:35  Pylon  
  21  1:38  Probe (Chrono Boost)  
  22  1:49  Probe (Chrono Boost)  
  23  2:01  Stalker x2  
  23  2:02  Warp Gate (Chrono Boost)  
  27  2:10  Mothership Core  
  29  2:15  Pylon  
  29  2:31  Stalker  
  29  2:33  Stalker  
  29  2:36  Probe  
  34  2:59  Nexus  
  34  3:09  Stargate  
  34  3:19  Stalker (Chrono Boost)  
  36  3:23  Stalker (Chrono Boost)  
  38  3:32  Pylon  
  36  3:59  Oracle (Chrono Boost)  
  36  4:00  Stalker x2  
  43  4:04  Probe  
  43  4:06  Pylon  
  44  4:17  Probe x2  
  46  4:26  Adept x2  
  46  4:27  Probe  
  51  4:39  Probe  
  51  4:40  Probe  
  51  4:41  Oracle (Chrono Boost)  
  56  4:51  Probe  
  53  5:06  Probe x2  
  52  5:10  Twilight Council  
  53  5:14  Robotics Facility  
  53  5:16  Probe  
  53  5:18  Probe  
  53  5:31  Probe x2  
  53  5:34  Assimilator, Pylon  
  55  5:36  Assimilator, Pylon  
  53  5:43  Probe  
  52  5:53  Probe  
  53  5:59  Probe  
  53  6:01  Pylon  
  53  6:03  Immortal (Chrono Boost)  
  58  6:10  Stalker  
  58  6:11  Zealot  
  56  6:30  Gateway  
  56  6:32  Stalker  
  58  6:33  Stalker, Gateway  
  58  6:35  Gateway  
  58  6:38  Probe x2, Gateway  
  62  6:43  Pylon  
  53  6:56  Stalker  
  53  6:58  Sentry  
Show
View Real Time Build Order
Export as new Build Order

PtitDrogo Protoss - Winner!

Build Orders:  

Get SALT Encoding   

  12  0:00  Probe (Chrono Boost)  
  13  0:11  Probe (Chrono Boost)  
  14  0:17  Pylon  
  14  0:22  Probe (Chrono Boost)  
  15  0:35  Probe (Chrono Boost)  
  16  0:36  Gateway  
  16  0:41  Assimilator  
  16  0:45  Probe (Chrono Boost)  
  17  0:51  Assimilator  
  17  0:56  Probe (Chrono Boost)  
  18  1:07  Probe (Chrono Boost)  
  19  1:12  Gateway  
  19  1:17  Probe (Chrono Boost)  
  20  1:23  Cybernetics Core  
  20  1:28  Probe (Chrono Boost)  
  21  1:33  Pylon  
  21  1:38  Probe (Chrono Boost)  
  22  1:49  Probe (Chrono Boost)  
  23  2:00  Stalker x2  
  27  2:01  Warp Gate (Chrono Boost)  
  27  2:11  Mothership Core  
  29  2:19  Pylon  
  29  2:36  Stalker  
  31  2:37  Stalker  
  33  3:02  Nexus  
  33  3:06  Pylon  
  33  3:12  Probe  
  34  3:13  Sentry  
  34  3:14  Sentry  
  38  3:25  Probe (Chrono Boost)  
  39  3:30  Twilight Council  
  39  3:37  Probe (Chrono Boost)  
  38  3:58  Stalker x2  
  38  4:02  Probe (Chrono Boost)  
  41  4:10  Blink (Chrono Boost)  
  41  4:13  Probe x2  
  43  4:25  Probe x2  
  43  4:31  Robotics Facility  
  45  4:36  Stalker  
  47  4:40  Stalker  
  47  4:42  Probe  
  47  4:43  Pylon  
  48  4:58  Probe  
  48  4:59  Probe  
  48  5:10  Probe  
  48  5:12  Probe  
  48  5:13  Stalker x2  
  54  5:19  Warp Prism (Chrono Boost)  
  54  5:21  Probe  
  55  5:30  Probe  
  55  5:31  Probe  
  57  5:36  Pylon  
  57  5:37  Gateway  
  57  5:38  Gateway  
  55  5:49  Stalker x2  
  56  5:52  Probe  
  56  5:53  Probe  
  54  6:14  Probe  
  54  6:16  Stalker x2  
  56  6:23  Probe  
  56  6:36  Adept x2  
  60  6:40  Sentry x2  
  58  6:55  Adept  
  58  6:56  Adept  
  58  6:58  Probe x2  
  56  7:10  Stalker x2  
Tags
 
Add a new tag
Caveats
  • Supply blocks, unpowered buildings, or Contaminate may cause inaccurate times.
  • Supply counts are checked every 10 seconds.